 Dungeon Crawl Stone Soup version 0.23-a0-402-g64599a1 (webtiles) character file.

3034 MisterFreud the Transmogrifier (level 9, -1/37 HPs)
             Began as a Felid Transmuter on Nov 4, 2018.
             Was a Follower of Nemelex Xobeh.
             Slain by a yak (6 damage)
             ... on level 9 of the Dungeon.
             The game lasted 00:25:46 (9970 turns).

MisterFreud the Transmogrifier (Felid Transmuter)   Turns: 9970, Time: 00:25:46

Health: -1/37      AC:  2    Str: 13    XL:     9   Next: 56%
Magic:  19/19      EV:  4    Int: 15    God:    Nemelex Xobeh [*.....]
Gold:   394        SH:  0    Dex: 16    Spells: 9/20 levels left
                                        Lives:  0   Deaths: 2

rFire    + . .     SeeInvis +     - Unarmed
rCold    . . .     Gourm    .   (shield unavailable)
rNeg     + + +     Faith    .   (armour unavailable)
rPois    ∞         Spirit   .   (helmet unavailable)
rElec    .         Reflect  .   (cloak unavailable)
rCorr    .         Harm     .   (gloves unavailable)
MR       +....                  (boots unavailable)
Stlth    +++.......             j - amulet of magic regeneration
HPRegen  0.12/turn              o - ring of protection from fire
MPRegen  0.41/turn              q - +4 ring of strength

@: petrified, quick
A: very small, no armour, no weapons or thrown items, stealth, claws 1, fangs 3,
see invisible, carnivore, speed 1, shaggy fur 2, slow metabolism 1, sharp paws
a: Renounce Religion


You were on level 9 of the Dungeon.
You worshipped Nemelex Xobeh.
Nemelex Xobeh was aware of your devotion.
You were completely stuffed.

You visited 1 branch of the dungeon, and saw 9 of its levels.

You collected 394 gold pieces.

Inventory:

Missiles
 a - 239 arrows
Jewellery
 j - an amulet of magic regeneration (around neck)
 k - an uncursed ring of ice
 o - a ring of protection from fire (left paw)
 q - a +4 ring of strength (right paw)
Wands
 l - a wand of random effects (8)
 y - a wand of paralysis (6)
Scrolls
 b - 4 scrolls of identify
 d - 3 scrolls of teleportation
 e - 3 scrolls of fog
 g - 2 scrolls of remove curse
 p - 2 scrolls of fear
 r - a scroll of amnesia
Potions
 f - 3 potions of curing
 h - a potion of lignification
 i - 2 potions of magic
 m - a potion of resistance
 n - 2 potions of berserk rage
 s - a potion of ambrosia {unknown}
 t - a potion of heal wounds
 u - a potion of flight {unknown}
 v - 2 potions of might {unknown}
 x - a potion of brilliance {unknown}
Miscellaneous
 z - a plain deck of destruction {drawn: 3}
Comestibles
 c - 19 rations
 w - 8 chunks of flesh


   Skills:
 - Level 3.0 Fighting
 - Level 8.2 Dodging
 - Level 5.1 Stealth
 + Level 6.4 Unarmed Combat
 - Level 6.0 Spellcasting
 - Level 10.0 Transmutations


You had 9 spell levels left.
You knew the following spells:

 Your Spells              Type           Power        Failure   Level  Hunger
a - Beastly Appendage     Tmut           ####..       1%          1    None
b - Sticks to Snakes      Tmut           ####....     1%          2    #......
c - Spider Form           Tmut/Pois      ###.......   5%          3    ##.....
d - Blade Hands           Tmut           ####......   6%          5    ######.

Your spell library contained the following spells:

 Spells                   Type           Power        Failure   Level  Hunger
 Ice Form                 Ice/Tmut       ###.....     19%         4    ####...


Dungeon Overview and Level Annotations

Branches:
Dungeon (9/15)             Temple (0/1) D:7
   Lair: D:8-11         Orc: D:9-12

Altars:
Dithmenos
Fedhas
Hepliaklqana
Makhleb
Nemelex Xobeh
Ru
Sif Muna
Trog
Vehumet
Wu Jian
The Shining One


Innate Abilities, Weirdness & Mutations

You cannot wear armour.
You are incapable of wielding weapons or throwing items.
Your paws allow you to move quietly. (Stealth)
You have sharp claws.
You have razor-sharp teeth.
You have supernaturally acute eyesight. (SInv)
You are carnivorous and can eat meat at any time.
You cover ground quickly.
You are covered in thick fur. (AC +2)
You have a slow metabolism.
Your sharp claws are effective at attacking unaware monsters.


Message History

The yak closely misses you. The basilisk gazes at you.
You are slowing down.
You kill the basilisk!
Your limbs are stiffening.
Your transformation has ended.
The jackal misses you. The yak gores you. The jackal misses you.
You have turned to stone.
The yak snorts and paws the ground.
The yak gores you! The jackal completely misses you. The jackal bites you.
The yak gores you but does no damage.
The jackal bites you but does no damage.
The yak gores you! The jackal bites you. The yak gores you!
The jackal bites you. The yak gores you!
The jackal bites you but does no damage.
The yak gores you!
* * * LOW HITPOINT WARNING * * *
The yak gores you!
You die...
Your body glows slightly and disappears.

#......l# #..
#.......# #..
#.......# .. ..
#.......# .# ...
#......†###.# ....
#.......†#..# #.(..
###..###..l###.....
#.###...hY......#
###(###.##Y@.....#
#..)....##.<....##
#......(##......#
#......###......#
#......# ########
#......# #[.....#
########


You could see 2 yaks, a leopard gecko and a jackal.

Vanquished Creatures
  Eustachio (D:6)
  2 yaks
  A basilisk (D:9)
  A black bear (D:7)
  2 sky beasts
  2 phantoms
  4 centaurs
  3 ogres
  A big kobold (D:8)
  2 bullfrogs (D:6)
  A scorpion (D:4)
  3 howler monkeys
  5 crimson imps
  2 centaur zombies
  A quasit (D:7)
  7 hounds
  3 jellies (D:5)
  A centaur skeleton (D:7)
  3 orc priests
  4 iguanas
  7 orc wizards
  5 worker ants
  A hound zombie (D:8)
  A hound skeleton (D:7)
  A howler monkey zombie (D:5)
  10 adders
  A shadow imp (D:8)
  2 oozes
  An adder skeleton (D:7)
  A worm (D:3)
  A dart slug (D:4)
  7 leopard geckos
  37 orcs
  3 ball pythons (D:4)
  5 bats
  6 giant cockroaches
  4 goblins
  A hobgoblin (D:3)
  15 jackals
  3 quokkas
  3 frilled lizards
  6 kobolds
  A leopard gecko zombie (D:8)
  A quokka zombie (D:8)
  5 rats
177 creatures vanquished.

Vanquished Creatures (collateral kills)
  Joseph (D:7)
  A yak (D:7)
  A human (D:7)
  3 hogs (D:7)
  An orc warrior (D:6)
  A jelly (D:6)
  3 orc priests
  A worm (D:2)
  2 orcs (D:6)
14 creatures vanquished.

Grand Total: 191 creatures vanquished

Notes
Turn   | Place    | Note
-------+----------+-------------------------------------------
     0 | D:1      | MisterFreud the Felid Transmuter began the quest for the
                  | Orb.
     0 | D:1      | Reached XP level 1. HP: 9/9 MP: 4/4
   268 | D:2      | Reached skill level 1 in Stealth
   530 | D:1      | Reached XP level 2. HP: 12/12 MP: 4/6
  1133 | D:2      | Learned a level 2 spell: Sticks to Snakes
  1498 | D:2      | Reached XP level 3. HP: 15/15 MP: 7/7
  1809 | D:2      | Reached skill level 5 in Stealth
  1818 | D:2      | Reached XP level 4. HP: 16/19 MP: 5/8
  1866 | D:2      | Learned a level 3 spell: Spider Form
  2334 | D:3      | Hit by a stone thrown by an orc
  2335 | D:3      | Reached XP level 3. HP: 0/16 MP: 7/7
  2446 | D:3      | Reached XP level 4. HP: 19/21 MP: 1/8
  2809 | D:4      | Noticed a phantom
  3144 | D:4      | Reached XP level 5. HP: 20/24 MP: 3/9
  3611 | D:4      | Noticed an ogre
  3612 | D:4      | Reached skill level 5 in Unarmed Combat
  3613 | D:4      | Found a bloodstained altar of Trog.
  3667 | D:5      | Entered Level 5 of the Dungeon
  3668 | D:5      | Gained mutation: You are covered in thick fur. (AC +2)
                  | [Felid growth]
  3668 | D:5      | Reached XP level 6. HP: 28/28 MP: 6/10
  4125 | D:5      | Noticed a sky beast
  4159 | D:5      | Killed a sky beast
  4159 | D:5      | Reached skill level 3 in Transmutations
  4159 | D:5      | Reached XP level 7. HP: 23/31 MP: 5/11
  4267 | D:4      | Reached skill level 4 in Transmutations
  4761 | D:4      | Reached skill level 5 in Transmutations
  5051 | D:5      | Reached skill level 6 in Transmutations
  6084 | D:6      | Reached skill level 5 in Dodging
  6084 | D:6      | Reached XP level 8. HP: 34/34 MP: 12/12
  6093 | D:5      | Learned a level 5 spell: Blade Hands
  6184 | D:6      | Found a deep blue altar of Sif Muna.
  6184 | D:6      | Found a shadowy altar of Dithmenos.
  6186 | D:6      | Found a blossoming altar of Fedhas.
  6522 | D:6      | Noticed Eustachio
  6542 | D:6      | Killed Eustachio
  6912 | D:6      | Found a burning altar of Makhleb.
  6913 | D:6      | Found a sacrificial altar of Ru.
  6913 | D:6      | Found a hazy altar of Hepliaklqana.
  6913 | D:6      | Found a radiant altar of Vehumet.
  6914 | D:6      | Found a sparkling altar of Nemelex Xobeh.
  6922 | D:6      | Became a worshipper of Nemelex Xobeh the Trickster
  7012 | D:6      | Received a gift from Nemelex Xobeh
  7244 | D:7      | Found a staircase to the Ecumenical Temple.
  7364 | D:7      | Found an ornate altar of the Wu Jian Council.
  7415 | D:7      | Noticed Joseph
  7430 | D:7      | Slain by Joseph
  7430 | D:7      | Killed Joseph
  7430 | D:7      | Reached skill level 7 in Transmutations
  7431 | D:7      | Reached XP level 7. HP: -3/31 MP: 13/13
  7463 | D:7      | Reached XP level 8. HP: 34/34 MP: 14/14
  7856 | D:7      | Reached skill level 8 in Transmutations
  8380 | D:8      | Reached skill level 9 in Transmutations
  8385 | D:8      | Reached XP level 9. HP: 27/37 MP: 17/17
  8746 | D:8      | Reached * piety under Nemelex Xobeh
  9167 | D:8      | Reached skill level 5 in Spellcasting
  9415 | D:8      | Found a glowing golden altar of the Shining One.
  9655 | D:8      | Reached skill level 10 in Transmutations
  9881 | D:9      | Received a gift from Nemelex Xobeh
  9970 | D:9      | Slain by a yak

Vault maps used:
D:1:      dpeg_arrival_more_subterranean_lakeside_camping
D:3:      minmay_misc_feat_four_crosses
D:4:      minmay_door_path, marbit_many_paths
D:5:      first_ration
D:6:      grunt_temple_overflow_open, grunt_decor_arrowhead, uniq_eustachio
D:7:      temple_fountains, grunt_decor_clamped, grunt_livestock,
          lemuel_altar_in_water, uniq_joseph
D:8:      tso_metal_star
D:9:      minmay_lair_entry_grove, chequers_serial_rivers_micro_b, uniq_maurice

Skill      XL: |  1  2  3  4  5  6  7  8  9 |
---------------+----------------------------+-----
Stealth        | 2 4 5 |  5.1
Fighting       | 3 2 |  3.0
Unarmed Combat | 4 5 6 |  6.4
Transmutations | 3 6 9 10 | 10.0
Dodging        | 5 8 |  8.2
Spellcasting   | 4 6 |  6.0

Action                   |  1- 3 |  4- 6 |  7- 9 || total
-------------------------+-------+-------+-------++-------
Melee: Unarmed           |    88 |   152 |   306 ||   546
       Headbutt          |     6 |     2 |       ||     8
       Bite              |     2 |     3 |     3 ||     8
       Punch             |       |       |     2 ||     2
 Cast: Beastly Appendage |    18 |     7 |       ||    25
       Sticks to Snakes  |     3 |       |     6 ||     9
       Spider Form       |     3 |    20 |    50 ||    73
Evoke: Wand              |       |     4 |    11 ||    15
       Deck              |       |       |    10 ||    10
  Use: Potion            |     2 |       |       ||     2
       Scroll            |       |     6 |     7 ||    13
 Stab: Sleeping          |     6 |     7 |    16 ||    29
       Confused          |       |       |     2 ||     2
       Distracted        |       |       |     1 ||     1
       Paralysed         |       |       |     1 ||     1
  Eat: Chunk             |     6 |    19 |    25 ||    50
Armor: Skin              |     5 |     6 |    16 ||    27
Dodge: Dodged            |    69 |   149 |   297 ||   515

Table legend:
 A = Non-vault XP
 B = Vault XP
 C = Vault XP percentage of total XP
 D = Non-vault monster count
 E = Vault monster count
 F = Vault count percentage of total count
                 A         B        C        D         E       F
            +---------+---------+-------+---------+---------+-------
      Total |    4441 |    1322 |  22.9 |     177 |      12 |   6.3
            +---------+---------+-------+---------+---------+-------
        D:1 |      23 |       0 |   0.0 |      12 |       0 |   0.0
        D:2 |      88 |       0 |   0.0 |      15 |       0 |   0.0
        D:3 |     121 |       0 |   0.0 |      20 |       0 |   0.0
        D:4 |     424 |      73 |  14.7 |      22 |       4 |  15.4
        D:5 |     721 |       0 |   0.0 |      22 |       0 |   0.0
        D:6 |     739 |     196 |  21.0 |      18 |       1 |   5.3
        D:7 |     770 |     860 |  52.8 |      29 |       6 |  17.1
        D:8 |    1305 |       0 |   0.0 |      32 |       0 |   0.0
        D:9 |     250 |     193 |  43.6 |       7 |       1 |  12.5
            +---------+---------+-------+---------+---------+-------
